 Dungeon Crawl Stone Soup version 0.30.0-11-gf55b779eaf (webtiles) character file.

Game seed: 6056112994422221059

346 Edyrem the Poker (level 6, 46/46 HPs)
             Began as a Merfolk Monk on May 16, 2023.
             Was a Believer of Hepliaklqana.
             Quit the game on level 4 of the Dungeon.
             The game lasted 00:06:56 (2644 turns).

Edyrem the Poker (Merfolk Monk)                     Turns: 2644, Time: 00:06:56

Health: 46/46      AC:  9    Str: 13    XL:     6   Next: 59%
Magic:  6/6        EV:  7    Int: 10    God:    Hepliaklqana [**....]
Gold:   177        SH:  0    Dex: 16    Spells: 5/5 levels left

rFire   . . .        a - +0 spear
rCold   . . .        d - orb {light}
rNeg    . . .        t - +0 chain mail
rPois   .            j - +1 hat
rElec   .            (no cloak)
rCorr   .            (no gloves)
SInv    .            (no boots)
Will    .....        y - amulet of faith Stlth
                     (no ring)
HPRegen 0.27/turn    (no ring)
MPRegen 0.10/turn

%: faith
@: glowing
A: reduced essence, (nimble swimmer 2), mertail
a: Renounce Religion, Recall Ancestor, Ancestor Identity


You were on level 4 of the Dungeon.
You worshipped Hepliaklqana.
Hepliaklqana was pleased with you.
You visited 1 branch of the dungeon, and saw 4 of its levels.

You collected 177 gold pieces.

Inventory:

Hand Weapons
 a - a +0 spear (weapon)
 b - a +2 dagger of electrocution
 p - a +0 scythe
 q - a +2 whip of electrocution
Missiles
 n - 2 throwing nets (quivered)
 u - 4 boomerangs
Armour
 d - an orb of light (worn)
 i - a +0 robe
 j - a +1 hat (worn)
 t - a +0 chain mail (worn)
Jewellery
 y - an amulet of faith (around neck)
Scrolls
 f - 2 scrolls of teleportation {unknown}
 g - a scroll of summoning {unknown}
 k - 3 scrolls of brand weapon {unknown}
 m - a scroll of immolation {unknown}
 r - a scroll of poison {unknown}
 v - a scroll of identify {unknown}
 w - a scroll of vulnerability {unknown}
Potions
 c - a potion of ambrosia
 e - a potion of heal wounds {@q1}
 h - 2 potions of curing {unknown}
 l - 2 potions of magic {unknown}
 o - a potion of flight {unknown}
 s - a potion of mutation {unknown}
 x - a potion of lignification {unknown}


   Skills:
 + Level 6.0 Fighting
 + Level 7.2 Polearms
 - Level 4.0 Dodging


You had 5 spell levels left.
You didn't know any spells.
Your spell library contained the following spells:

 Spells                   Type           Power      Damage    Failure   Level
 Apportation              Tloc           0%         N/A       100%        1
 Necrotise                Necr           0%         1d4       100%        1
 Summon Small Mammal      Summ           0%         N/A       100%        1
 Ensorcelled Hibernation  Hex/Ice        0%         N/A       100%        2
 Poisonous Vapours        Pois/Air       0%         N/A       100%        2
 Ignite Poison            Fire/Tmut/Pois 0%         N/A       100%        3
 Mephitic Cloud           Conj/Pois/Air  0%         N/A       100%        3
 Spider Form              Tmut/Pois      0%         N/A       100%        3
 Anguish                  Hex/Necr       0%         N/A       100%        4
 Sticky Flame             Conj/Fire      0%         2d3       100%        4
 Freezing Cloud           Conj/Ice/Air   0%         6-21      100%        5
 Ignition                 Fire           0%         3d3       100%        8


Dungeon Overview and Level Annotations

Branches:
Dungeon (4/15)
 Temple: D:4-7

Altars:
Hepliaklqana
Qazlal


Innate Abilities, Weirdness & Mutations

Your life essence is reduced to manifest your ancestor. (-10% HP)
((You are very nimble when in or above water. (Stealth+, EV+, Speed+++)))
Your lower body shifts to a powerful aquatic tail in water.


Message History

You now have 161 gold pieces (gained 16).
Done exploring.
Done exploring.
(D) Dungeon
Where to? (Enter - D:3, ? - help)
Things that are here:
a +0 club; a +0 dagger; a hobgoblin corpse
There is an open door here.
There is a stone staircase leading down here.
You climb downwards.
There is a stone staircase leading up here.
An endoplasm comes into view.
The endoplasm quivers.
Teicuih casts a spell at the endoplasm.
The stone arrow hits the endoplasm!
The endoplasm dies!
No target in view!
No target in view!
No target in view!
No target in view!
You now have 177 gold pieces (gained 16).
You swap places.
Found a stone staircase leading down.
You swap places.
A goblin comes into view. It is wielding a +0 dagger.
The goblin shouts!
You reach to attack!
You hit the goblin.
The goblin is heavily wounded.
You reach to attack!
You barely miss the goblin.
The goblin is heavily wounded.
You hit the goblin but do no damage.
The goblin is heavily wounded.
The goblin closely misses you.
You hit the goblin.
You kill the goblin!
You see here a staff of cold.
Found a stone staircase leading up.
You swap places.
You see here a staff of cold.
Are you sure you want to abandon this character and quit the game? (Confirm with "yes".)

#.........## ##..# #
##.........# #..# ..
#........##.# ##..#..#
........###.###...#..##
###....## #..##.........
##...# ##....##...... #
##.## #...###...#### #
#..# #.###.).#### ###
#..###.....@...# ## ..#
###...###..R###...##
..###.........###........
##...###...###...###...##
........# #....<. #..
##...###...###...
..###...... ..###
...#.###.. ### ..#.....##


You could see the friendly Teicuih the battlemage.

Vanquished Creatures
  Sigmund (D:2)
  A sleepcap (D:3)
  An orc wizard (D:3)
  2 gnolls (D:3)
  A worm (D:3)
  2 dart slugs
  8 orcs (D:3)
  4 ball pythons
  3 bats
  3 endoplasms
  3 giant cockroaches
  8 goblins
  5 hobgoblins
  7 jackals (D:2)
  A quokka (D:2)
  2 frilled lizards (D:1)
  7 kobolds
  3 rats
62 creatures vanquished.

Vanquished Creatures (collateral kills)
  2 gnolls (D:3)
  2 endoplasms
  4 goblins (D:3)
  2 hobgoblins (D:3)
  3 jackals (D:3)
  A rat (D:3)
14 creatures vanquished.

Vanquished Creatures (others)
  A battlemage (D:3)
1 creature vanquished.

Grand Total: 77 creatures vanquished

Notes
Turn   | Place    | Note
-------+----------+-------------------------------------------
     0 | D:1      | Edyrem the Merfolk Monk began the quest for the Orb.
     0 | D:1      | Reached XP level 1. HP: 18/18 MP: 1/1
   290 | D:1      | Reached XP level 2. HP: 20/24 MP: 2/2
   939 | D:2      | Reached XP level 3. HP: 30/30 MP: 3/3
  1023 | D:2      | Found a stormy altar of Qazlal.
  1145 | D:2      | Noticed Sigmund
  1156 | D:2      | Reached skill level 5 in Polearms
  1199 | D:2      | Killed Sigmund
  1200 | D:2      | Reached skill level 5 in Fighting
  1200 | D:2      | Reached skill level 6 in Polearms
  1200 | D:2      | Reached XP level 4. HP: 23/39 MP: 4/4
  1200 | D:2      | Reached XP level 5. HP: 26/44 MP: 5/5
  1605 | D:3      | Reached XP level 6. HP: 26/51 MP: 6/6
  1759 | D:3      | Found a hazy altar of Hepliaklqana.
  1791 | D:3      | Became a worshipper of Hepliaklqana the Forgotten
  1791 | D:3      | Reached * piety under Hepliaklqana
  1791 | D:3      | Reached ** piety under Hepliaklqana
  1795 | D:3      | Remembered your ancestor Teicuih as a battlemage
  1940 | D:3      | Reached skill level 7 in Polearms
  2644 | D:4      | Quit the game

Illustrated notes

Levels and vault maps discovered:
D:1:      psy_arrival_spokes, layout_basic, minmay_bisected
D:2:      layout_basic, basic_altar, uniq_sigmund
D:3:      kennysheep_the_goblin_king, layout_basic, lemuel_doored_altar
D:4:      nicolae_BIG_FREAKIN_CUBE, layout_layer_cave

Skill      XL: |  1  2  3  4  5  6 |
---------------+-------------------+-----
Fighting       | 5 6 |  6.0
Polearms       | 6 7 |  7.2
Dodging        | |  4.0

Action                     |  1- 3 |  4- 6 || total
---------------------------+-------+-------++-------
  Melee: Spear             |   121 |   152 ||   273
 Invoke: Ancestor Life: Ba |       |     1 ||     1
    Use: Potion            |     2 |     1 ||     3
   Stab: Distracted        |       |     1 ||     1
 Armour: Robe              |     3 |       ||     3
         Ring mail         |     6 |    15 ||    21
         Chain mail        |       |    37 ||    37
  Dodge: Dodged            |    48 |    60 ||   108
